Unix NetHack Version 5.0.0-0 post-release - last build May 31 2026 23:59:36 (970b52f25bf058293b47ddfd14a1e40e571c508c,branch:main).

Game began 2026-06-08 17:29:18, ended 2026-06-08 17:49:49.

AndiBanandi, chaotic female elven Wizard

                                         --------
                                         |......|           --------
                                         ..).....######     |......|
                                         -----.--     ##    |..)...|
                          -------             #        #### .......|
                          |.....|            ###       ###  |......|
                          |.....|             #          ##u@.....`|
                          |......#            ######        |......|
                          |....<|##     -----------.-       --------
                          ------- #     |...........|
                                  ##    |...........|
                                   #####-...........|
                                        |...........|
                                        -------------

AndiBanandi the Conjurer  St:12 Dx:14 Co:16 In:20 Wi:11 Ch:9  Chaotic
Dlvl:4  $:25 HP:0(22) Pw:22(28) AC:9  Xp:3 T:1366  Burdened

Latest messages:
 You have a little trouble lifting an elven bow.  Continue? [ynq] (q) n
 In what direction? 6
 The spell hits the fox!
 You kill the fox!
 You yawn.
 There is an open door here.
 You see here a chest.
 You fall asleep.
 You wake up.
 You see here a pair of buckled boots.
 F - a pair of buckled boots.
 You see here a mace.
 You have a little trouble lifting a spellbook of healing.  Continue? [ynq] (q) y
 You have a little trouble lifting G - a spellbook of healing.
 Your movements are slowed slightly because of your load.
 What do you want to read?
 You begin to memorize the runes.
 You add "healing" to your repertoire, as 'd'.
 You see here a mace.
 There is an open door here.
 You see here a chest.
 Hmmm, the chest turns out to be locked.
 There is a locked chest here; force its lock? [ynq] (q) y
 You start bashing it with your quarterstaff.
 You yawn.
 You fall asleep.
 You stop forcing the lock.
 You see a saddled pony.
 The saddled pony kicks!
 The saddled pony bites!
 The saddled pony kicks!
 The saddled pony bites!
 The saddled pony kicks!
 The saddled pony bites!
 The saddled pony kicks!
 The saddled pony bites!
 The saddled pony kicks!
 The saddled pony bites!
 The combat suddenly awakens you.
 The saddled pony kicks!
 The saddled pony bites!
 In what direction? 4
 The spell hits the saddled pony!
 The saddled pony kicks!
 You die...
 Do you want your possessions identified? [ynq] (y) y
 Do you want to see your attributes? [ynq] (y) n
 Do you want an account of creatures vanquished? [ynaq] (y) n
 Do you want to see your conduct and achievements? [ynq] (y) n
 Do you want to see the dungeon overview? [ynq] (y) n

Inventory:
 Coins    ('$')
  $ - 25 gold pieces
 Amulets  ('"')
  q - a cursed amulet of restful sleep (being worn)
 Weapons  (')')
  v - 8 +0 elven arrows
  g - a +0 elven dagger (alternate weapon; not wielded)
  a - a blessed +1 quarterstaff (weapon in hands)
  s - a cursed +0 scimitar
 Armor    ('[')
  F - a cursed -2 pair of levitation boots
  b - a blessed +0 cloak of magic resistance (being worn)
 Comestibles  ('%')
  p - an uncursed cram ration
  z - 3 uncursed food rations
  D - 2 uncursed pancakes
  C - 3 uncursed lichen corpses
 Scrolls  ('?')
  i - a blessed scroll of create monster
  j - an uncursed scroll of gold detection
 Spellbooks  ('+')
  h - an uncursed spellbook of create familiar
  k - an uncursed spellbook of create monster
  m - an uncursed spellbook of cure sickness
  l - a blessed spellbook of force bolt
  G - an uncursed spellbook of healing
 Potions  ('!')
  f - an uncursed potion of booze
  y - an uncursed potion of extra healing
  x - 6 uncursed potions of healing
  w - an uncursed potion of speed
 Rings    ('=')
  E - an uncursed +1 ring of gain constitution
  e - a blessed +1 ring of gain strength
  d - an uncursed ring of poison resistance
  t - a cursed ring of polymorph control
 Wands    ('/')
  A - a wand of light (0:12)
  r - a wand of magic missile (0:8)
  c - a wand of secret door detection (0:12)
 Tools    ('(')
  o - an uncursed bell
  n - a magic marker (0:21)
 Gems/Stones  ('*')
  B - an uncursed worthless piece of green glass
  u - 2 uncursed worthless pieces of violet glass

AndiBanandi the Wizard's attributes:

Background:
 You were a Conjurer, a level 3 female elven Wizard.
 You were chaotic, nominally on a mission for Anhur
 who was opposed by Ptah (lawful) and Thoth (neutral).
 You were right-handed.
 You were in the Dungeons of Doom, on level 4.
 You entered the dungeon 1366 turns ago.
 You had 62 experience points, 18 more were needed to attain level 4.

Basics:
 You had 0 out of 22 hit points.
 You had 22 out of 28 energy points (spell power).
 Your armor class was 9.
 Your wallet contained 25 zorkmids.
 Autopickup was on for '$"/!?+' plus thrown.

Final Characteristics:
 Your strength was 12 (limit:18).
 Your dexterity was 14 (limit:18).
 Your constitution was 16 (limit:16).
 Your intelligence was 20 (limit:20).
 Your wisdom was 11 (limit:20).
 Your charisma was 9 (limit:18).

Final Status:
 You fell asleep uncontrollably.
 You weren't hungry.
 You were burdened; movement was slightly slowed.
 You were wielding a quarterstaff.
 You had basic skill with quarterstaff.

Final Attributes:
 You were devoutly aligned.
 You were magic-protected.
 You had infravision.
 You were warded.
 You are dead.

Miscellaneous:
 You encountered 1 bones level.
 Total elapsed playing time was 14 minutes and 17 seconds.

Major events:
 Turn
    1: AndiBanandi the chaotic female elven Wizard entered the dungeon
  576: attained the rank of Conjurer (level 3)
 1366: killed by a pony

Spells:
 Name                 Level Category     Fail Retention
 force bolt             1   attack         0%  91%-100%
 cure sickness          3   healing       63%  76%-100%
 create monster         2   clerical      27%  76%-100%
 healing                1   healing        0%  76%-100%

Skills:
 Fighting Skills
   bare handed combat [Unskilled]
   riding             [Unskilled]
 Weapon Skills
   dagger             [Unskilled]
   knife              [Unskilled]
   axe                [Unskilled]
   short sword        [Unskilled]
   club               [Unskilled]
   mace               [Unskilled]
   quarterstaff       [Basic]
   polearms           [Unskilled]
   spear              [Unskilled]
   trident            [Unskilled]
   sling              [Unskilled]
   dart               [Unskilled]
   shuriken           [Unskilled]
 Spellcasting Skills
   attack spells      [Basic]
   healing spells     [Unskilled]
   divination spells  [Unskilled]
   enchantment spells [Basic]
   clerical spells    [Unskilled]
   escape spells      [Unskilled]
   matter spells      [Unskilled]

Voluntary challenges:
 Your character was not rerolled.
 You were an atheist.
 You never had a pet.
 You never genocided any monsters.
 You never polymorphed an object.
 You never changed form.
 You used no wishes.
Achievement:
 You attained the rank of Conjurer.

 The Dungeons of Doom: levels 1 to 4
    Level 1:
    Level 2:
       A fountain.
    Level 3:
       A fountain.
    Level 4: <- You were here.
       Final resting place for
          you, killed by a pony,
          pots164-Kni-Hum-Mal-Law, killed by a goblin.


Vanquished creatures:
  a floating eye
  2 coyotes
  a gas spore
  a hobbit
  4 jackals
  3 foxes
  a kobold
  2 grid bugs
  3 lichens
  2 newts
20 creatures vanquished.

No species were genocided or became extinct.

Game over:
                       ----------
                      /          \
                     /    REST    \
                    /      IN      \
                   /     PEACE      \
                  /                  \
                  |   AndiBanandi    |
                  |      25 Au       |
                  | killed by a pony |
                  |                  |
                  |                  |
                  |                  |
                  |       2026       |
                 *|     *  *  *      | *
        _________)/\\_//(\/(/\)/\//\/|_)_______

Goodbye AndiBanandi the Wizard...

You died in The Dungeons of Doom on dungeon level 4 with 421 points,
and 25 pieces of gold, after 1366 moves.
You were level 3 with a maximum of 22 hit points when you died.

